 Dungeon Crawl Stone Soup version 0.17-a0-1945-gfe993df (webtiles) character file.

3226 SirMumm the Destroyer (level 9, -6/34 HPs)
             Began as a Felid Wizard on Oct 1, 2015.
             Was an Elder of Vehumet.
             Mangled by Snorg (18 damage)
             ... on level 1 of the Orcish Mines.
             The game lasted 01:11:02 (20990 turns).

SirMumm the Destroyer (Felid Wizard)               Turns: 20990, Time: 01:11:02

Health: -6/34      AC:  2    Str:  3    XL:     9   Next: 66%
Magic:  9/31       EV: 22    Int: 23    God:    Vehumet [****..]
Gold:   683        SH:  0    Dex: 15    Spells: 7 memorised, 3 levels left
                                        Lives:  0   Deaths: 2

rFire  . . .     SeeInvis +     (weapon unavailable)
rCold  . . .     Clarity  .     (armour unavailable)
rNeg   . . .     SustAt   .     (shield unavailable)
rPois  .         Gourm    .     (helmet unavailable)
rElec  .         Spirit   .     (cloak unavailable)
rCorr  .         Warding  .     (gloves unavailable)
rMut   .         Stasis   .     (boots unavailable)
MR     +....                    (no amulet)
Stlth  +++.......               A - ring of magical power
                                u - ring of wizardry

@: repel missiles, quick, somewhat resistant to hostile enchantments, fairly
stealthy
A: no armour, no weapons or thrown items, claws 1, fangs 3, see invisible,
carnivore 3, speed 1, shaggy fur 2, slow metabolism 1, sharp paws
a: Renounce Religion


You were on level 1 of the Orcish Mines.
You worshipped Vehumet.
Vehumet was greatly pleased with you.
You were not hungry.

You visited 3 branches of the dungeon, and saw 13 of its levels.

You collected 683 gold pieces.

Inventory:

Jewellery
 g - a +3 ring of intelligence
 p - an uncursed ring of positive energy
 u - a ring of wizardry (left paw)
 A - a ring of magical power (right paw)
 G - an uncursed ring of stealth
 I - an uncursed ring of sustain attributes
 J - an uncursed ring of poison resistance
 K - an uncursed ring of protection from fire
Magical devices
 k - a wand of teleportation (1)
 n - a wand of fire (7)
 w - a wand of disintegration (6)
 y - a wand of paralysis (18)
 F - a wand of paralysis (9)
Scrolls
 c - 4 scrolls of identify
 d - 4 scrolls of teleportation {unknown}
 e - a scroll of amnesia {unknown}
 h - 2 scrolls of immolation {unknown}
 i - a scroll of recharging
 l - a scroll of enchant armour {unknown}
 r - 2 scrolls of fog {unknown}
 t - a scroll of silence {unknown}
 x - a scroll of noise {unknown}
 C - a scroll of remove curse
 H - a scroll of magic mapping {unknown}
Potions
 f - 5 potions of curing
 j - a potion of heal wounds
 m - 3 potions of invisibility
 o - a potion of haste
 D - a potion of brilliance {unknown}
 E - a potion of magic {unknown}
Books
 a - a book of Minor Magic

   Spells                             Type                      Level
   a - Magic Dart                     Conjuration                  1
   b - Blink                          Translocation                2
   c - Call Imp                       Summoning                    2
   d - Repel Missiles                 Charms/Air                   2
   e - Slow                           Hexes                        2
   f - Conjure Flame                  Conjuration/Fire             3
   g - Mephitic Cloud                 Conjuration/Poison/Air       3
 v - a book of Fire

   Spells                             Type                      Level
   a - Ignite Poison                  Fire/Transmutation/Poison    3
   b - Fireball                       Conjuration/Fire             5
   c - Bolt of Fire                   Conjuration/Fire             6
   d - Delayed Fireball               Conjuration/Fire             7
   e - Ring of Flames                 Charms/Fire                  7
 B - a book of Necromancy

   Spells                             Type                      Level
   a - Pain                           Necromancy                   1
   b - Animate Skeleton               Necromancy                   1
   c - Vampiric Draining              Necromancy                   3
   d - Regeneration                   Charms/Necromancy            3
   e - Animate Dead                   Necromancy                   4
   f - Control Undead                 Necromancy                   4
Comestibles
 b - 8 meat rations
 q - 9 slices of pizza
 s - 4 beef jerkies
 z - a royal jelly


   Skills:
 - Level 7.3 Dodging
 - Level 3.5 Stealth
 - Level 8.9 Spellcasting
 - Level 10.7 Conjurations
 - Level 0.2 Charms
   Level 1.0 Summonings
   Level 1.5 Translocations
 * Level 8.9 Fire Magic
 - Level 1.7 Poison Magic
 - Level 0.2 Evocations


You had 3 spell levels left.
You knew the following spells:

 Your Spells              Type           Power        Failure   Level  Hunger
a - Magic Dart            Conj           ####         1%          1    None
b - Repel Missiles        Chrm/Air       ##....       4%          2    None
c - Conjure Flame         Conj/Fire      ######..     1%          3    None
d - Mephitic Cloud        Conj/Pois/Air  ####....     1%          3    None
e - Fireball              Conj/Fire      ######....   1%          5    ####...
f - Bolt of Fire          Conj/Fire      ######....   2%          6    ######.
g - Delayed Fireball      Conj/Fire      N/A          19%         7    #######


Dungeon Overview and Level Annotations

Branches:
Dungeon (11/15)            Temple (1/1) D:7            Lair (0/8) D:11
    Orc (1/4) D:11

Altars:
Ashenzari
Dithmenos
Elyvilon
Gozag
Kikubaaqudgha
Makhleb
Nemelex Xobeh
Okawaru
Qazlal
Ru
Trog
Vehumet
Xom
The Shining One

Shops:
D:11 (:[:[

Annotations:
D:8 1 runed door
Orc:1 Nergalle, Snorg


Innate Abilities, Weirdness & Mutations

You cannot wear armour.
You are incapable of wielding weapons or throwing items.
You have sharp claws.
You have razor-sharp teeth.
You have supernaturally acute eyesight.
You are carnivorous and can eat meat at any time.
You cover ground quickly.
You are covered in thick fur (AC +2).
You have a slow metabolism.
Your sharp claws are effective at attacking unaware monsters.


Message History

Vehumet accepts your kill.
The ogre shouts!
The ogre moves out of view.
Snorg is engulfed in roaring flames.
Snorg barely misses you. Snorg completely misses you. Snorg claws you!
Unknown command.
Unknown command.
Snorg is engulfed in roaring flames.
Snorg rages.
Found 13 gold pieces.
An orc comes into view. It is wielding a mace.
Snorg rages.
The orc shouts!
The orc wizard casts a spell at you. The magic dart hits you!
You see here 20 gold pieces.
Found a stone staircase leading down.
Snorg rages.
Snorg completely misses you. Snorg closely misses you. Snorg claws you!!
Ouch! That really hurt!
You die...

........ .... ...#...
......o. $...
...........o.... ≈≈≈..
.........>.......) #≈..
#..............)To
#≈................o.o.<
#≈...#...#...........).
#≈....#..........o..)))
#≈....@#.#.#.##.O.....o
≈≈≈.....T.....o.#o.#..go
..............o..#...oo.
...###.##.$............o
.. #.. #......$##.#....
# ##. ##.#..#####....(
## #..$..#..#.oO.o.
#.....#§o†oo)....
##....##.......#.


You could see Snorg (berserk) and 2 orcs.

Vanquished Creatures
  Gastronok (D:11)
  An unseen horror (D:11)
  Pikel (D:7)
  Maurice (D:11)
  A gargoyle (D:11)
  3 trolls
  The ghost of Markus the Poker, an average MiGl (D:4)
  Prince Ribbit (D:6)
  Sigmund (D:6)
  2 deep elf magi
  A human (D:7)
  6 yaks
  Grum (D:11)
  A hippogriff (D:8)
  A hog (D:7)
  Edmund (D:6)
  3 wolves (D:11)
  A soldier ant (D:8)
  3 orc warriors
  3 slaves (D:7)
  4 ice beasts
  5 ogres
  A crocodile (D:11)
  3 sky beasts
  5 centaurs
  2 phantoms
  A wasp (D:7)
  6 giant frogs
  2 gnoll sergeants
  2 killer bees (D:8)
  4 scorpions
  10 crimson imps
  A quasit (D:6)
  3 jellies
  16 orc wizards
  5 iguanas
  6 hounds
  10 orc priests
  3 centaur skeletons
  Natasha (D:2)
  3 sheep (D:7)
  9 worker ants
  2 hell rats (D:11)
  2 hound skeletons (D:6)
  A worker ant zombie (D:9)
  12 adders
  14 gnolls
  3 river rats (D:11)
  4 shadow imps
  An ooze (D:3)
  An adder zombie (D:8)
  3 adder skeletons
  2 worms
  6 giant geckos
  81 orcs
  4 ball pythons
  9 bats
  12 giant cockroaches
  9 goblins
  4 hobgoblins (D:1)
  21 jackals
  8 quokkas
  A giant gecko skeleton (D:5)
  7 giant newts
  5 kobolds
  7 rats
  A butterfly (D:8)
356 creatures vanquished.

Vanquished Creatures (others)
  A scorpion (D:8)
  A jelly (D:8)
  2 plants (D:4)
4 creatures vanquished.

Grand Total: 360 creatures vanquished

Notes
Turn   | Place    | Note
--------------------------------------------------------------
     0 | D:1      | SirMumm the Felid Wizard began the quest for the Orb.
     0 | D:1      | Reached XP level 1. HP: 7/7 MP: 5/5
    43 | D:1      | Reached skill level 1 in Conjurations
   452 | D:1      | Reached XP level 2. HP: 7/11 MP: 0/7
  1247 | D:1      | Learned a level 2 spell: Repel Missiles
  1367 | D:1      | Reached XP level 3. HP: 14/14 MP: 0/8
  2049 | D:2      | Found a faded altar to an unknown god.
  2155 | D:2      | Noticed Natasha
  2169 | D:2      | Killed Natasha
  2169 | D:2      | Reached XP level 4. HP: 9/18 MP: 2/9
  2514 | D:2      | Learned a level 3 spell: Conjure Flame
  3704 | D:3      | Reached skill level 4 in Conjurations
  3704 | D:3      | Reached XP level 5. HP: 21/21 MP: 6/10
  4609 | D:4      | Noticed Markus's ghost (average MiGl)
  4902 | D:4      | Killed Markus's ghost
  4902 | D:4      | Reached skill level 5 in Conjurations
  4902 | D:4      | Gained mutation: You are covered in thick fur (AC +2). [Felid growth]
  4902 | D:4      | Reached XP level 6. HP: 24/24 MP: 1/11
  4989 | D:4      | Reached skill level 6 in Conjurations
  5424 | D:4      | Reached XP level 7. HP: 27/27 MP: 0/12
  5963 | D:5      | Entered Level 5 of the Dungeon
  7005 | D:5      | Learned a level 3 spell: Mephitic Cloud
  7087 | D:5      | Reached skill level 7 in Conjurations
  7453 | D:5      | Reached skill level 5 in Dodging
  8146 | D:6      | Reached XP level 8. HP: 27/31 MP: 5/14
  8155 | D:6      | Noticed Edmund
  9166 | D:6      | Reached skill level 1 in Fire Magic
  9230 | D:6      | Reached skill level 8 in Conjurations
  9677 | D:6      | Noticed Sigmund
  9687 | D:6      | Killed Sigmund
  9687 | D:6      | Reached skill level 1 in Poison Magic
  9926 | D:6      | Noticed Prince Ribbit
  9936 | D:6      | Killed Prince Ribbit
  9936 | D:6      | Reached skill level 5 in Spellcasting
 10178 | D:6      | Reached XP level 9. HP: 34/34 MP: 8/17
 10337 | D:6      | Killed Edmund
 10603 | D:7      | Found a stormy altar of Qazlal.
 10864 | D:7      | Reached skill level 9 in Conjurations
 11032 | D:7      | Found a sacrificial altar of Ru.
 11075 | D:7      | Found a staircase to the Ecumenical Temple.
 11084 | Temple   | Entered the Ecumenical Temple
 11110 | Temple   | Became a worshipper of Vehumet
 11117 | Temple   | Learned a level 5 spell: Fireball
 12225 | D:7      | Noticed Pikel
 12696 | D:7      | Killed Pikel
 12796 | D:7      | Learned a level 6 spell: Bolt of Fire
 13487 | D:7      | Reached XP level 10. HP: 37/37 MP: 6/21
 13793 | D:8      | Acquired Vehumet's first power
 13793 | D:8      | Offered knowledge of Sting by Vehumet.
 14224 | D:8      | Found a runed door.
 14493 | D:8      | Found a runed door.
 14709 | D:8      | Reached skill level 10 in Conjurations
 15624 | D:9      | Offered knowledge of Flame Tongue by Vehumet.
 16432 | D:8      | Learned a level 7 spell: Delayed Fireball
 17448 | D:9      | Found a radiant altar of Vehumet.
 17622 | D:10     | Entered Level 10 of the Dungeon
 18025 | D:10     | Offered knowledge of Throw Flame by Vehumet.
 18343 | D:10     | Reached skill level 5 in Fire Magic
 18660 | D:10     | Reached XP level 11. HP: 40/40 MP: 11/24
 18853 | D:10     | Acquired Vehumet's second power
 19058 | D:11     | Found Jeleow's Antique Weapon Shop.
 19086 | D:11     | Found Witeif's Book Shoppe.
 19106 | D:11     | Found a staircase to the Orcish Mines.
 19285 | D:11     | Found Yrar's Book Boutique.
 19422 | D:11     | Noticed an unseen horror
 19426 | D:11     | Killed an unseen horror
 19513 | D:11     | Found a staircase to the Lair.
 19598 | D:11     | Noticed Grum
 19640 | D:11     | Killed Grum
 19844 | D:11     | Found Tiewipuf's Antique Armour Boutique.
 19845 | D:11     | Noticed Gastronok
 19855 | D:11     | Killed Gastronok
 19863 | D:11     | Noticed Maurice
 20014 | D:11     | Killed Maurice
 20188 | D:11     | Found Iwiog's Antique Armour Emporium.
 20694 | Orc:1    | Entered Level 1 of the Orcish Mines
 20744 | D:11     | HP: 2/40 [orc priest/hand axe (3)]
 20744 | D:11     | Slain by an orc
 20745 | D:11     | Reached XP level 10. HP: -2/37 MP: 11/32
 20766 | D:11     | Offered knowledge of Force Lance by Vehumet.
 20871 | Orc:1    | Noticed Snorg
 20963 | Orc:1    | Slain by an orc
 20964 | Orc:1    | Reached XP level 9. HP: -2/34 MP: 30/31
 20967 | Orc:1    | Acquired Vehumet's third power
 20974 | Orc:1    | Noticed Nergalle
 20983 | Orc:1    | Offered knowledge of Bolt of Magma by Vehumet.
 20990 | Orc:1    | Mangled by Snorg

Vault maps used:
D:1:      minmay_arrival_diagonal_passages, minivault_5,
          hangedman_feature_mirror
D:2:      ecumenical_altar_1, first_bread, uniq_natasha
D:3:      minmay_surrounded
D:4:      minmay_lizard_king
D:6:      uniq_prince_ribbit1, uniq_sigmund, uniq_edmund
D:7:      overflow_temple_1_default, minmay_temple_entry_statues_pillars,
          grunt_ministairs_9, grunt_livestock, nicolae_qazlal_style_of_elements,
          uniq_pikel
D:8:      lemuel_insect_pit
D:9:      basic_altar
D:11:     dpeg_lair_monsters, orc_0_dummy, serial_shops, shop, shop_fountains,
          shop, shop, shop, serial_corexii_hall, corexii_hall_statues_x,
          corexii_hall_statues_i, uniq_grum, uniq_maurice, uniq_gastronok
Temple:   grunt_wide_crystal_templ_18
Orc:1:    enter_bailey_3, uniq_nergalle, uniq_snorg

Action                   |  1- 3 |  4- 6 |  7- 9 | 10-12 || total
-------------------------+-------+-------+-------+-------++-------
Melee: Unarmed           |    10 |     3 |     9 |     2 ||    24
 Cast: Magic Dart        |    92 |   173 |   496 |   360 ||  1121
       Conjure Flame     |       |     3 |    30 |    25 ||    58
       Repel Missiles    |       |     1 |     2 |     1 ||     4
       Mephitic Cloud    |       |       |    17 |     6 ||    23
       Fireball          |       |       |    12 |    45 ||    57
       Bolt of Fire      |       |       |     2 |    37 ||    39
Evoke: Wand              |       |     3 |       |     1 ||     4
  Use: Scroll            |       |     4 |     6 |       ||    10
 Stab: Confused          |       |       |     1 |       ||     1
  Eat: Chunk             |     1 |     9 |    19 |    30 ||    59
